 Dungeon Crawl Stone Soup version 0.28.0-53-g5a82cb258f (webtiles) character file.

Game seed: 6420159014299356149

925 Descartes the Cudgeller (level 7, -2/67 HPs)
             Began as a Troll Chaos Knight on Aug 12, 2022.
             Was a Plaything of Xom.
             Slain by a black bear (3 damage)
             ... on level 5 of the Dungeon on Aug 13, 2022.
             The game lasted 00:11:05 (3433 turns).

Descartes the Cudgeller (Troll Chaos Knight)        Turns: 3433, Time: 00:11:06

Health: -2/67      AC: 10    Str: 23      XL:     7   Next: 84%
Magic:  6/6        EV: 10    Int:  7 (8)  God:    Xom [*.....]
Gold:   66         SH:  0    Dex:  9      Spells: 6/6 levels left

rFire   . . .      SeeInvis +   a - +0 mace (chaos)
rCold   . . .      Faith    .   (no shield)
rNeg    . . .      Spirit   .   b - +2 robe
rPois   .          Reflect  .   (helmet restricted)
rElec   .          Harm     .   (no cloak)
rCorr   .          Rampage  .   (gloves unavailable)
Will    .....                   (boots unavailable)
Stlth   +.........              (no amulet)
HPRegen 1.01/turn               n - +4 ring of protection
MPRegen 0.10/turn               o - ring of see invisible

@: no status effects
A: large, unfitting armour, claws 3, regeneration 1, shaggy fur 1, tough skin 1
a: Renounce Religion


You were on level 5 of the Dungeon.
You worshipped Xom.
You were a special plaything of Xom.
You visited 1 branch of the dungeon, and saw 5 of its levels.

You collected 156 gold pieces.
You spent 90 gold pieces at shops.

Inventory:

Hand Weapons
 a - a +0 mace of chaos (weapon)
 g - a +0 dagger of freezing
 h - a +1 giant spiked club
 s - a +3 hand axe of chaos
 u - a +0 morningstar
Missiles
 k - 215 stones (quivered)
 v - 6 poisoned darts
Armour
 b - a +2 robe (worn)
Jewellery
 n - a +4 ring of protection (left claw)
 o - a ring of see invisible (right claw)
Wands
 i - a wand of flame (45)
Scrolls
 c - 3 scrolls of noise {unknown}
 d - a scroll of magic mapping {unknown}
 f - a scroll of vulnerability {unknown}
 j - a scroll of enchant weapon
 p - a scroll of summoning {unknown}
 q - 3 scrolls of identify {unknown}
Potions
 e - a potion of curing {unknown}
 l - 2 potions of brilliance {unknown}
 m - 3 potions of degeneration {unknown}
 r - a potion of cancellation {unknown}
 t - a potion of might {unknown}


   Skills:
 - Level 3.0 Fighting
 + Level 6.2 Maces & Flails
 - Level 2.6 Dodging
 + Level 4.1 Translocations


You had 6 spell levels left.
You didn't know any spells.
Your spell library contained the following spells:

 Spells                   Type           Power      Damage    Failure   Level
 Scorch                   Fire           0%         2d5       56%         2
 Ignite Poison            Fire/Tmut/Pois 0%         N/A       80%         3
 Mephitic Cloud           Conj/Pois/Air  0%         N/A       80%         3
 Flame Wave               Conj/Fire      0%         2d4       99%         4
 Summon Forest            Summ/Tloc      1%         N/A       99%         5
 Freezing Cloud           Conj/Ice/Air   0%         6-21      100%        5
 Summon Mana Viper        Hex/Summ       0%         N/A       100%        5
 Summon Cactus Giant      Summ           0%         N/A       100%        6


Dungeon Overview and Level Annotations

Branches:
Dungeon (5/15)
 Temple: D:4-7

Altars:
Ru
Xom

Shops:
D:1 ?   D:4 [

Portals:
Abyss: D:5

Annotations:
D:5 1 transporter, anyiome's ghost, novice TrFi


Innate Abilities, Weirdness & Mutations

You are too large for most types of armour.
You have claws for hands.
Your natural rate of healing is unusually fast.
You are covered in fur. (AC +1)
You have tough skin. (AC +1)


Message History

The black bear bites you.
The black bear claws you but does no damage.
The black bear barely misses you. The black bear bites you!
The black bear claws you but does no damage.
The black bear barely misses you.
You hit the black bear but do no damage.
The black bear is severely wounded.
The black bear bites you.
The black bear claws you but does no damage. x2
You hit the black bear but do no damage.
The black bear suddenly seems more agile.
The black bear is severely wounded.
The black bear bites you.
The black bear claws you but does no damage.
The black bear barely misses you. The black bear bites you.
The black bear claws you. The black bear barely misses you.
You closely miss the black bear.
The black bear is severely wounded.
The black bear bites you but does no damage.
The black bear claws you but does no damage. x2
The black bear bites you. The black bear claws you.
The black bear closely misses you.
You barely miss the black bear.
The black bear is severely wounded.
The black bear bites you!
* * * LOW HITPOINT WARNING * * *
The black bear claws you but does no damage.
The black bear closely misses you.
You thump the black bear!
The black bear is almost dead.
The black bear bites you.
* * * LOW HITPOINT WARNING * * *
The black bear claws you but does no damage. x2
The black bear closely misses you. The black bear claws you.
* * * LOW HITPOINT WARNING * * *
The black bear barely misses you. The black bear bites you!
* * * LOW HITPOINT WARNING * * *
The black bear completely misses you. The black bear claws you.
You die...

#. .# .#####.##.##
...........
..........#
#........#
#........#
#........#####.
#.....h........
#.....@..#####
#........#
#........#
#........#
########.# #.#
##################.#
...................#
...####.....########


You could see a black bear (berserk, agile).

Vanquished Creatures
  2 ogres (D:4)
  3 phantoms (D:4)
  A water moccasin skeleton (D:4)
  A bullfrog zombie (D:4)
  A bullfrog skeleton (D:5)
  A gnoll shaman (D:4)
  An orc priest (D:5)
  A centaur skeleton (D:4)
  Ijyb (D:3)
  An iguana (D:4)
  2 orc wizards
  A hound skeleton (D:4)
  4 adders
  5 gnolls (D:4)
  A white imp (D:5)
  An ufetubus (D:5)
  An adder skeleton (D:4)
  2 worms
  2 dart slugs
  13 orcs
  8 ball pythons
  8 endoplasms
  5 giant cockroaches
  8 goblins
  7 hobgoblins
  2 jackals (D:4)
  4 quokkas
  7 bats
  A frilled lizard (D:1)
  9 kobolds
  8 rats
112 creatures vanquished.

Vanquished Creatures (collateral kills)
  A white imp (D:3)
  A goblin (D:3)
2 creatures vanquished.

Vanquished Creatures (others)
  An orc wizard (D:4)
1 creature vanquished.

Grand Total: 115 creatures vanquished

Notes
Turn   | Place    | Note
-------+----------+-------------------------------------------
     0 | D:1      | Descartes the Troll Chaos Knight began the quest for the
                  | Orb.
     0 | D:1      | Reached XP level 1. HP: 22/22 MP: 0/0
   154 | D:1      | XOM: silly message
   207 | D:1      | Reached XP level 2. HP: 29/29 MP: 1/1
   294 | D:1      | Found Guydoss's Magic Scroll Boutique.
   323 | D:1      | Reached skill level 3 in Maces & Flails
   467 | D:1      | Found a faded altar of an unknown god.
   657 | D:1      | Reached XP level 3. HP: 36/36 MP: 2/2
   918 | D:2      | You fall into a shaft and drop 2 floors!
   954 | D:4      | Reached XP level 4. HP: 30/45 MP: 3/3
   977 | D:4      | XOM: noise
   995 | D:4      | XOM: silly message
   996 | D:4      | XOM: potion effect (heal wounds)
   997 | D:4      | Noticed an ogre
  1000 | D:4      | Reached skill level 1 in Translocations
  1000 | D:4      | XOM: cast spell 'Leda's Liquefaction'
  1005 | D:4      | XOM: butterfly on damage
  1013 | D:4      | Killed an ogre
  1014 | D:4      | Reached skill level 4 in Maces & Flails
  1014 | D:4      | Reached XP level 5. HP: 29/53 MP: 4/4
  1135 | D:4      | Noticed a phantom
  1142 | D:4      | Killed a phantom
  1143 | D:4      | Reached XP level 6. HP: 59/61 MP: 5/5
  1159 | D:4      | XOM: potion effect (berserk rage)
  1190 | D:4      | XOM: noise
  1218 | D:3      | Noticed Ijyb
  1231 | D:3      | Killed Ijyb
  1233 | D:3      | Reached skill level 5 in Maces & Flails
  1461 | D:2      | Found a sacrificial altar of Ru.
  1787 | D:1      | Bought a scroll of enchant weapon for 90 gold pieces
  1976 | D:3      | XOM: cast spell 'Summon Hydra'
  2413 | D:4      | XOM: noise
  2423 | D:4      | XOM: confusion
  2426 | D:4      | XOM: chaos upgrade
  2435 | D:4      | XOM: blink monster(s)
  2436 | D:4      | XOM: blink monster(s)
  2448 | D:4      | Reached XP level 7. HP: 34/67 MP: 6/6
  2610 | D:4      | XOM: cast spell 'Metabolic Englaciation'
  2622 | D:4      | XOM: blink monster(s)
  2647 | D:4      | XOM: noise
  2660 | D:4      | XOM: stat loss: -1 Int (7/8)
  3026 | D:4      | Found Ysimair's Armour Boutique.
  3145 | D:4      | Reached skill level 6 in Maces & Flails
  3185 | D:4      | Found a shimmering altar of Xom.
  3219 | D:4      | You fall into a shaft and drop 1 floor!
  3219 | D:5      | Entered Level 5 of the Dungeon
  3222 | D:5      | XOM: stat loss: -1 Int (7/8)
  3382 | D:5      | Found a transporter.
  3387 | D:5      | Found a one-way gate to the infinite horrors of the Abyss.
  3387 | D:5      | Noticed anyiome's ghost (novice TrFi)
  3389 | D:5      | Noticed a small abomination
  3419 | D:5      | XOM: noise
  3433 | D:5      | HP: 1/67 [black bear (10)]
  3433 | D:5      | Slain by a black bear

Illustrated notes

Levels and vault maps discovered:
D:1:      shiori_arrival_maze, layout_loops_ring, serial_shops,
          nicolae_shop_competitors_out_of_business,
          shapermc_ecumenical_altar_totnotflames, minmay_misc_feat_chi
D:2:      layout_rooms, basic_altar
D:3:      layout_loops_cross, minmay_misc_feat_cross, uniq_ijyb
D:4:      layout_basic, tgw_xom, serial_shops, shop, minmay_cut_off
D:5:      layout_basic, gammafunk_ghost_abyssal_escape, uniq_crazy_yiuf_cottage

Skill      XL: |  1  2  3  4  5  6  7 |
---------------+----------------------+-----
Dodging        | 2 |  2.6
Maces & Flails | 3 4 5 6 |  6.2
Fighting       | 3 |  3.0
Translocations | 1 2 3 4 |  4.1

Action                   |  1- 3 |  4- 6 |  7- 9 || total
-------------------------+-------+-------+-------++-------
Melee: Mace              |    95 |   191 |   140 ||   426
       Punch             |     2 |     4 |     2 ||     8
  Use: Scroll            |       |     1 |       ||     1
 Stab: Confused          |     1 |       |     1 ||     2
       Sleeping          |       |     2 |       ||     2
       Petrifying        |       |     1 |       ||     1
Armor: Robe              |    50 |   103 |   130 ||   283
Dodge: Dodged            |    46 |   114 |   138 ||   298
